 Dungeon Crawl Stone Soup version 0.30.0 (webtiles) character file.

Game seed: 8635727844805073198

2266 nonceun the Cleaver (level 9, -15/121 HPs)
             Began as a Minotaur Berserker on May 7, 2023.
             Was an Elder of Trog.
             Demolished by a basilisk (22 damage)
             ... on level 8 of the Dungeon.
             The game lasted 00:14:53 (5202 turns).

nonceun the Cleaver (Minotaur Berserker)            Turns: 5202, Time: 00:14:54

Health: -15/121    AC: 13    Str: 33    XL:     9   Next: 16%
Magic:  8/8        EV: 10    Int:  8    God:    Trog [****..]
Gold:   299        SH:  0    Dex: 11    Spells: 8/8 levels left

rFire   . . .        a - +0 war axe
rCold   . . .        D - orb {mayhem}
rNeg    . . .        h - +0 chain mail
rPois   .            (helmet restricted)
rElec   .            x - +0 cloak
rCorr   .            (no gloves)
SInv    .            g - +1 pair of boots
Will    .....        (no amulet) Stlth
                     q - +6 ring of strength
HPRegen 0.40/turn    y - +6 ring of strength
MPRegen 0.11/turn

%: mayhem
@: berserking, very quick
A: horns 2, retaliatory headbutt
a: Renounce Religion, Berserk, Trog's Hand, Brothers in Arms


You were on level 8 of the Dungeon.
You worshipped Trog.
Trog was greatly pleased with you.
You visited 1 branch of the dungeon, and saw 8 of its levels.

You collected 354 gold pieces.
You spent 55 gold pieces at shops.

Inventory:

Hand Weapons
 a - a +0 war axe (weapon)
Armour
 g - a +1 pair of boots (worn)
 h - a +0 chain mail (worn)
 x - a +0 cloak (worn)
 D - an orb of mayhem (worn)
Jewellery
 d - a ring of see invisible
 l - a ring of resist corrosion
 q - a +6 ring of strength (left hand)
 y - a +6 ring of strength (right hand)
 C - a +6 ring of dexterity
 I - a ring of protection from fire
Wands
 B - a wand of flame (6)
 E - a wand of paralysis (14)
Scrolls
 c - 3 scrolls of vulnerability {unknown}
 e - 2 scrolls of immolation {unknown}
 j - 4 scrolls of amnesia {unknown}
 k - a scroll of magic mapping {unknown}
 r - 6 scrolls of teleportation {unknown}
 t - a scroll of enchant armour {unknown}
 u - a scroll of blinking {unknown}
 v - 6 scrolls of identify {unknown}
 A - a scroll of noise {unknown}
 F - a scroll of silence {unknown}
 J - a scroll of torment {unknown}
Potions
 b - a potion of invisibility {unknown}
 f - a potion of cancellation {unknown}
 i - 3 potions of heal wounds
 m - 3 potions of attraction {unknown}
 n - a potion of flight {unknown}
 o - 3 potions of ambrosia {unknown}
 p - 2 potions of degeneration {unknown}
 s - 3 potions of haste {unknown}
 w - a potion of resistance {unknown}
 z - 5 potions of curing {unknown}
 G - 2 potions of brilliance {unknown}
 H - a potion of mutation {unknown}


   Skills:
 * Level 8.2 Fighting
 + Level 12.1 Axes
 * Level 5.3 Armour
 - Level 2.1 Dodging


You had 8 spell levels left.
You didn't know any spells.
Your spell library contained the following spells:

 Spells                   Type           Power      Damage    Failure   Level
 Necrotise                Necr           0%         1d4       83%         1
 Sublimation of Blood     Necr           0%         N/A       92%         2
 Stone Arrow              Conj/Erth      0%         3d7       99%         3
 Vampiric Draining        Necr           0%         2d6       99%         3
 Animate Armour           Summ/Erth      0%         N/A       100%        4
 Petrify                  Tmut/Erth      0%         N/A       100%        4
 Agony                    Necr           0%         N/A       100%        5
 Irradiate                Conj/Tmut      0%         3d11      100%        5
 Lehudib's Crystal Spear  Conj/Erth      0%         10d2      100%        8


Dungeon Overview and Level Annotations

Branches:
Dungeon (8/15)             Temple (0/1) D:5
   Lair: D:8-11

Altars:
Ashenzari
Cheibriados
Dithmenos
Elyvilon
Fedhas
Gozag
Hepliaklqana
Kikubaaqudgha
Makhleb
Nemelex Xobeh
Okawaru
Qazlal
Ru
Sif Muna
Trog
Uskayaw
Vehumet
Wu Jian
Xom
Yredelemnul
Zin
Lugonu

Shops:
D:2 !

Portals:
Abyss: D:4


Innate Abilities, Weirdness & Mutations

You have a pair of horns on your head.
You reflexively headbutt those who attack you in melee.


Message History

The orc shouts!
You hit the orc wizard.
The orc wizard is lightly wounded.
The orc wizard closely misses you.
You slash the orc wizard! You headbutt the orc wizard.
You kill the orc wizard!
Trog accepts your kill.
Trog appreciates your killing of a magic user.
The basilisk flies into a frenzy!
The basilisk bites the white imp!!
The white imp dies!
Trog accepts your kill.
The basilisk hisses angrily.
The basilisk bites the orc!!
The orc dies!
Trog accepts your kill.
The basilisk hisses angrily.
You closely miss the basilisk. The basilisk bites you.
You barely miss the basilisk. You headbutt the basilisk!
The basilisk is moderately wounded.
The basilisk bites you! x2
You closely miss the basilisk.
The basilisk is moderately wounded.
The basilisk closely misses you.
You slash the basilisk!
The basilisk is severely wounded.
The basilisk bites you!
You closely miss the basilisk.
The basilisk is severely wounded.
The basilisk bites you! The basilisk bites you.
You slash the basilisk!
The basilisk is almost dead.
The basilisk bites you!!
* * * LOW HITPOINT WARNING * * *
A red film seems to cover your vision as you go berserk!
You feel yourself moving faster!
You feel mighty! The basilisk bites you!
* * * LOW HITPOINT WARNING * * *
You barely miss the basilisk.
The basilisk is almost dead.
The basilisk bites you!!
You die...

##..........
..........#
.........
...)... .....
... #l#
.#######@#
.........#
.........#
########.#
#############.#
#...........#.#
#.#########.#.#
#.# #.#.#
#.##### #.#.#


You could see a neutral basilisk (fast, strong, insane).

Vanquished Creatures
  A gargoyle (D:7)
  Menkaure (D:7)
  A water moccasin (D:5)
  2 ice beasts (D:7)
  A black bear (D:4)
  3 ogres
  A phantom (D:4)
  2 bullfrogs
  The ghost of pdpol the Chopper, a weakling MiFi (D:3)
  3 killer bees (D:7)
  A gnoll bouda (D:6)
  7 hounds
  3 jellies
  4 orc wizards
  3 sleepcaps
  2 iguanas
  A mummy (D:3)
  2 adders (D:5)
  2 gnolls (D:6)
  2 shadow imps (D:6)
  2 ufetubi
  2 worms
  6 dart slugs
  17 orcs
  3 ball pythons
  6 bats
  A bat zombie (D:3)
  3 endoplasms
  3 giant cockroaches
  7 goblins
  9 hobgoblins
  3 jackals (D:3)
  15 kobolds
  6 quokkas
  4 frilled lizards
  5 rats
135 creatures vanquished.

Vanquished Creatures (collateral kills)
  A kobold brigand (D:6)
  A gnoll (D:6)
  A white imp (D:8)
  2 orcs
  A kobold (D:6)
6 creatures vanquished.

Vanquished Creatures (others)
  A fungus (D:3)
1 creature vanquished.

Grand Total: 142 creatures vanquished

Notes
Turn   | Place    | Note
-------+----------+-------------------------------------------
     0 | D:1      | nonceun the Minotaur Berserker began the quest for the Orb.
     0 | D:1      | Reached XP level 1. HP: 19/19 MP: 0/0
    70 | D:1      | Reached skill level 4 in Axes
   148 | D:1      | Reached XP level 2. HP: 26/26 MP: 1/1
   625 | D:2      | Reached ** piety under Trog
   702 | D:2      | Reached skill level 5 in Axes
   774 | D:2      | Found Cehefo's Distillery.
   777 | D:2      | Bought a potion of heal wounds for 55 gold pieces
   827 | D:2      | Reached XP level 3. HP: 31/31 MP: 2/2
  1449 | D:2      | Found a hazy altar of Hepliaklqana.
  1715 | D:3      | Found a runed translucent gate.
  1715 | D:3      | Found a runed translucent gate.
  1715 | D:3      | Noticed pdpol's ghost (weakling MiFi)
  1718 | D:3      | Found a runed translucent gate.
  1735 | D:3      | Killed pdpol's ghost
  1736 | D:3      | Reached skill level 6 in Axes
  1736 | D:3      | Reached XP level 4. HP: 31/39 MP: 3/3
  1809 | D:3      | Found a basalt altar of Yredelemnul.
  1952 | D:3      | Found a snail-covered altar of Cheibriados.
  1983 | D:3      | Found an ancient bone altar of Kikubaaqudgha.
  2220 | D:3      | Reached skill level 7 in Axes
  2220 | D:3      | Reached XP level 5. HP: 45/45 MP: 4/4
  2597 | D:4      | Reached *** piety under Trog
  2648 | D:4      | Found an opulent altar of Gozag.
  2659 | D:4      | Found a large runed translucent door.
  2659 | D:4      | Found a large runed translucent door.
  2662 | D:4      | Found a corrupted altar of Lugonu.
  2725 | D:4      | Found a one-way gate to the infinite horrors of the Abyss.
  2806 | D:4      | Reached skill level 8 in Axes
  2848 | D:4      | Noticed a phantom
  2861 | D:4      | Killed a phantom
  2862 | D:4      | Reached XP level 6. HP: 51/51 MP: 5/5
  3022 | D:4      | Found a bloodstained altar of Trog.
  3022 | D:4      | Paralysed by a goblin for 4 turns
  3043 | D:4      | Reached skill level 9 in Axes
  3240 | D:5      | Entered Level 5 of the Dungeon
  3279 | D:5      | Found a sparkling altar of Nemelex Xobeh.
  3340 | D:5      | Reached XP level 7. HP: 58/58 MP: 6/6
  3367 | D:5      | Found a staircase to the Ecumenical Temple.
  3490 | D:5      | Reached skill level 10 in Axes
  3623 | D:5      | Found a white marble altar of Elyvilon.
  3624 | D:5      | Found an iron altar of Okawaru.
  3625 | D:5      | Found a glowing silver altar of Zin.
  3626 | D:5      | Found a stormy altar of Qazlal.
  3626 | D:5      | Found a shadowy altar of Dithmenos.
  3626 | D:5      | Found a blossoming altar of Fedhas.
  3627 | D:5      | Found a shimmering blue altar of Sif Muna.
  3628 | D:5      | Found a burning altar of Makhleb.
  3628 | D:5      | Found a hide-covered altar of Uskayaw.
  3629 | D:5      | Found a radiant altar of Vehumet.
  3630 | D:5      | Found a shimmering altar of Xom.
  3630 | D:5      | Found a sacrificial altar of Ru.
  3631 | D:5      | Found a hazy altar of Hepliaklqana.
  3695 | D:5      | Reached skill level 5 in Fighting
  4133 | D:6      | Reached **** piety under Trog
  4234 | D:6      | Reached XP level 8. HP: 69/69 MP: 7/7
  4433 | D:6      | Reached skill level 11 in Axes
  4598 | D:7      | Found a broken altar of Ashenzari.
  4611 | D:7      | Reached skill level 5 in Armour
  4659 | D:7      | Noticed Menkaure
  4670 | D:7      | Killed Menkaure
  4832 | D:7      | Reached skill level 12 in Axes
  4839 | D:7      | Noticed a gargoyle
  4852 | D:7      | Killed a gargoyle
  4853 | D:7      | Reached XP level 9. HP: 41/81 MP: 8/8
  4954 | D:7      | Found an ornate altar of the Wu Jian Council.
  5201 | D:8      | HP: 6/121 [basilisk (11)]
  5202 | D:8      | Demolished by a basilisk

Illustrated notes

Levels and vault maps discovered:
D:1:      saegor_arrival_under_anarchy, layout_loops_ring,
          chequers_serial_rivers_micro_c
D:2:      layout_basic, serial_shops, nicolae_shop_behind_doors, serial_rivers,
          chequers_serial_rivers_room_b, chequers_serial_rivers_marsh,
          chequers_serial_rivers_small_3, chequers_serial_rivers_room_a,
          chequers_serial_rivers_large_b, basic_altar
D:3:      layout_basic, slow_altar_1, lemuel_zombie_altar_kikubaaqudgha,
          mainiacjoe_overflow_boulevard, ebering_ghost_rock_garden
D:4:      due_chaos_kobolds, layout_rooms, grunt_gozag_statues,
          lightli_temple_of_fire, minmay_surrounded
D:5:      layout_basic, nemelex_xobeh_ov_fountains_minmay,
          nicolae_overflows_in_rows, minmay_temple_entry_fiery
D:6:      layout_loops_cross, small_statue_intersection
D:7:      layout_cave_pools, overflow_temple_1_default, lemuel_crystal_altar,
          uniq_menkaure
D:8:      layout_basic, david_lair_generic, uniq_joseph, uniq_pikel

Skill      XL: |  1  2  3  4  5  6  7  8 |
---------------+-------------------------+-----
Axes           | 4 5 6 7 8 9 10 12 | 12.1
Fighting       | 5 8 |  8.2
Armour         | 3 5 |  5.3
Dodging        | |  2.1

Action                     |  1- 3 |  4- 6 |  7- 9 || total
---------------------------+-------+-------+-------++-------
  Melee: Hand axe          |    25 |       |       ||    25
         Headbutt          |     7 |    20 |    26 ||    53
         War axe           |    58 |   110 |   128 ||   296
         Punch             |     1 |     1 |       ||     2
 Invoke: Trog's Hand       |     1 |     1 |     1 ||     3
         Berserk           |       |       |     1 ||     1
   Stab: Sleeping          |     1 |       |       ||     1
 Armour: Animal skin       |     7 |       |       ||     7
         Chain mail        |    32 |    50 |    46 ||   128
  Dodge: Dodged            |    33 |    47 |    54 ||   134
